 Dungeon Crawl Stone Soup version 0.31.0-12-g77e489cdc1 (webtiles) character file.

Game seed: 14319220741070866727

278 monsoonserge the Shooter (level 6, -1/44 HPs)
             Began as a Barachi Hexslinger on Feb 16, 2024.
             Was a Follower of Cheibriados.
             Slain by a river rat (7 damage)
             ... in a sewer.
             The game lasted 00:11:07 (2155 turns).

monsoonserge the Shooter (Barachi Hexslinger)       Turns: 2155, Time: 00:11:07

Health: -1/44      AC:  4    Str: 12    XL:     6   Next: 26%
Magic:  1/8        EV: 12    Int: 17    God:    Cheibriados [*.....]
Gold:   119        SH:  0    Dex: 16    Spells: 6/8 levels left

rFire   . . .        a - +1 sling
rCold   + . .        (no shield)
rNeg    . . .        n - +1 robe "Gyophegg" {rElec rC+}
rPois   .            (no helmet)
rElec   +            (no cloak)
rCorr   .            (no gloves)
SInv    .            q - +0 pair of boots
Will    .....        (no amulet)
Stlth   +            (no ring)
HPRegen 0.27/turn    (no ring)
MPRegen 0.11/turn

%: no passive effects
@: weak-willed, very slow
A: amphibious, slowness 1, strong legs 1, +LOS
a: Hop, Renounce Religion, Bend Time


You were in a sewer.
You worshipped Cheibriados.
Cheibriados was aware of your devotion.
You visited 1 branch of the dungeon, and saw 3 of its levels.
You also visited: Sewer.

You collected 119 gold pieces.

Inventory:

Hand Weapons
 a - a +1 sling (weapon)
Armour
 n - the +1 robe "Gyophegg" (worn) {rElec rC+}
   (You found it on level 2 of the Dungeon)

   rC+:       It protects you from cold.
   rElec:     It insulates you from electricity.
 q - a +0 pair of boots (worn)
Scrolls
 b - a scroll of poison
 e - 2 scrolls of fog {unknown}
 g - a scroll of enchant weapon {unknown}
 h - a scroll of butterflies {unknown}
 k - 3 scrolls of identify {unknown}
 l - 3 scrolls of teleportation {unknown}
 o - 2 scrolls of amnesia {unknown}
Potions
 c - a potion of ambrosia {unknown}
 d - a potion of curing
 f - 3 potions of heal wounds {unknown}
 i - a potion of degeneration {unknown}
 j - a potion of attraction {unknown}
 m - a potion of lignification {unknown}
 p - a potion of invisibility {unknown}
 r - a potion of mutation {unknown}


   Skills:
 + Level 2.2 Fighting
 * Level 5.6 Ranged Weapons
 + Level 1.0 Armour
 + Level 2.3 Dodging
 + Level 0.1 Stealth
 + Level 1.6 Spellcasting
 + Level 3.6 Hexes
 * Level 1.1 Fire Magic


You had 6 spell levels left.
You knew the following spells:

 Your Spells              Type           Power      Damage    Failure   Level
a - Jinxbite              Hex            26%        N/A       7%          2

Your spell library contained the following spells:

 Spells                   Type           Power      Damage    Failure   Level
 Sigil of Binding         Hex            13%        N/A       14%         3
 Inner Flame              Hex/Fire       9%         N/A       22%         3
 Cause Fear               Hex            6%         N/A       41%         4
 Dimensional Bullseye     Hex/Tloc       3%         N/A       67%         4


Dungeon Overview and Level Annotations

Branches:
Dungeon (3/15)              Sewer (1/1)

Altars:
Cheibriados
Ru


Innate Abilities, Weirdness & Mutations

You are amphibious.
You cover ground slowly.
You can hop short distances.
You have an extended range of vision and can be seen from far away.


Message History

Cheibriados thoroughly appreciates the change of pace.
The ball python barely misses you. The ball python grabs you.
The ball python constricts you.
Fire: a) +1 sling
Press: ? - help, Q - select action, (/) - cycle Shift-Dir - straight line, f - rat, p - ball python
Aim: a rat (62% to hit)
You shoot a sling bullet. The sling bullet hits the ball python!
You kill the ball python!
Cheibriados appreciates the change of pace.
Fire: a) +1 sling
Press: ? - help, Q - select action, (/) - cycle Shift-Dir - straight line, f/p - rat
Aim: a rat (62% to hit)
You shoot a sling bullet.
The sling bullet closely misses the rat.
The sling bullet hits the river rat.
The river rat is lightly wounded.
The rat bites you but does no damage.
Fire: a) +1 sling
Press: ? - help, Q - select action, (/) - cycle Shift-Dir - straight line, f - ball python
Aim: a ball python (58% to hit)
You shoot a sling bullet. The sling bullet barely misses the rat.
The sling bullet hits the river rat.
The river rat is severely wounded.
The rat bites you.
* * * LOW HITPOINT WARNING * * *
Fire: a) +1 sling
Press: ? - help, Q - select action, (/) - cycle Shift-Dir - straight line, f/p - ball python
Aim: a ball python (58% to hit)
You shoot a sling bullet.
The sling bullet hits the river rat but does no damage.
The river rat is severely wounded.
The river rat bites you but does no damage.
Fire: a) +1 sling
Press: ? - help, Q - select action, (/) - cycle Shift-Dir - straight line, f/p - ball python
Aim: a ball python (58% to hit)
You shoot a sling bullet.
The sling bullet hits the river rat but does no damage.
The river rat is severely wounded.
The river rat bites you!
You die...

≈≈≈≈≈≈≈≈≈≈.......~.~~≈
.~~.~.~.~.~.........~~
~.r...................
..............S.......
.r...##...............
...## ##....†..##....
.## #...##.r## #.. #
#∩..#####Sr### # ####
##rr@# #####


You could see a river rat, a ball python and 3 rats.

Vanquished Creatures
  A bombardier beetle (D:3)
  2 hounds (D:3)
  Jessica (D:2)
  A gnoll (D:3)
  6 adders
  2 river rats (Sewer)
  12 ball pythons
  3 bats
  7 endoplasms
  5 giant cockroaches
  4 goblins
  6 hobgoblins
  7 jackals (D:1)
  3 quokkas
  5 frilled lizards
  7 kobolds
  8 rats
80 creatures vanquished.

Notes
Turn   | Place    | Note
-------+----------+-------------------------------------------
     0 | D:1      | monsoonserge the Barachi Hexslinger began the quest for the
                  | Orb.
     0 | D:1      | Reached XP level 1. HP: 15/15 MP: 2/2
   258 | D:1      | Reached XP level 2. HP: 5/21 MP: 3/3
   330 | D:1      | Learned a level 2 spell: Jinxbite
   473 | D:1      | Found a faded altar of an unknown god.
   504 | D:1      | Reached skill level 1 in Armour
   823 | D:1      | Reached XP level 3. HP: 26/26 MP: 4/4
  1067 | D:2      | Reached skill level 3 in Ranged Weapons
  1124 | D:2      | Identified the +1 dagger "Weenir" {freeze, Int+5 Dex+4}
  1150 | D:2      | Noticed Jessica
  1156 | D:2      | Killed Jessica
  1157 | D:2      | Reached XP level 4. HP: 33/33 MP: 5/5
  1199 | D:2      | Identified the +1 robe "Gyophegg" {rElec rC+}
  1583 | D:2      | Reached skill level 4 in Ranged Weapons
  1745 | D:3      | Found a sacrificial altar of Ru.
  1784 | D:3      | Reached XP level 5. HP: 36/38 MP: 2/6
  1944 | D:3      | Reached skill level 5 in Ranged Weapons
  1977 | D:3      | Found a snail-covered altar of Cheibriados.
  2005 | D:3      | Became a worshipper of Cheibriados the Contemplative
  2073 | D:3      | Found a glowing drain.
  2100 | Sewer    | Entered a sewer
  2133 | Sewer    | Reached XP level 6. HP: 16/44 MP: 4/8
  2144 | Sewer    | Reached * piety under Cheibriados
  2155 | Sewer    | Slain by a river rat

Illustrated notes

Levels and vault maps discovered:
D:1:      lightli_arrival_isolated_outpost, layout_basic,
          shapermc_ecumenical_altar_mp_ritualfount, minmay_crystal_water
D:2:      layout_loops_ring, uniq_jessica
D:3:      layout_rooms, marbit_many_paths, nicolae_overflow_hidden_temple,
          portal_sewer_entry_c, cheibrodos_gnoll_hut
Sewer:    sewer_minmay_treatment

Skill      XL: |  1  2  3  4  5 |
---------------+----------------+-----
Armour         | 1 |  1.0
Ranged Weapons | 3 4 5 |  5.6
Fighting       | 2 |  2.2
Dodging        | |  2.3
Stealth        | |  0.1
Spellcasting   | |  1.6
Hexes          | |  3.6
Fire Magic     | |  1.1

Action                     |  1- 3 |  4- 6 || total
---------------------------+-------+-------++-------
   Fire: Sling             |   107 |   144 ||   251
   Cast: Jinxbite          |       |    11 ||    11
Ability: Hop               |       |     1 ||     1
    Use: Potion            |       |     1 ||     1
 Armour: Leather armour    |    12 |       ||    12
         Robe              |    11 |    72 ||    83
  Dodge: Dodged            |    29 |    87 ||   116
